 Dungeon Crawl Stone Soup version 0.26-a0-651-gb41185065b (webtiles) character file.

Game seed: 10524197769772914003

1591 DogServant the Shield-Bearer (level 9, 9/106 HPs)
             Began as a Formicid Fighter on Sept 29, 2020.
             Was a Believer of Okawaru.
             Quit the game on level 1 of the Abyss.
             The game lasted 00:11:45 (5186 turns).

DogServant the Shield-Bearer (Formicid Fighter)     Turns: 5186, Time: 00:11:45

Health: 9/106      AC: 28    Str: 23    XL:     9   Next: 15%
Magic:  3/3        EV:  2    Int:  8    God:    Okawaru [**....]
Gold:   395        SH: 12    Dex: 11    Spells: 8/8 levels left

rFire    + . .     SeeInvis .   L - +1 hand axe (antimagic)
rCold    . . .     Faith    .   c - +1 kite shield
rNeg     + + +     Spirit   .   (armour currently unavailable)
rPois    +         Reflect  .   (helmet unavailable)
rElec    .         Harm     .   (cloak currently unavailable)
rCorr    .         Rampage  .   (gloves currently unavailable)
MR       .....                  (boots currently unavailable)
Stlth    +.........             (no amulet)
HPRegen  0.27/turn              h - +4 ring of protection
MPRegen  0.08/turn              s - ring of protection from fire

@: tree-form
A: permanent stasis, dig shafts and tunnels, four strong arms
a: Heroism, Renounce Religion


You were on level 1 of the Abyss.
You worshipped Okawaru.
Okawaru was pleased with you.
You were a tree.
You visited 2 branches of the dungeon, and saw 7 of its levels.
You visited the Abyss 1 time.

You collected 395 gold pieces.

Inventory:

Hand Weapons
 e - a +0 hunting sling
 L - a +1 antimagic hand axe (weapon)
Missiles
 f - 25 sling bullets
 k - 208 stones
 z - 17 poisoned darts (quivered)
Armour
 b - a +0 scale mail
 c - a +1 kite shield (worn)
 u - a +0 cloak (melded)
 y - a +0 pair of boots (melded)
 C - the +5 ring mail of the Orb (melded) {Str+7}
   (You found it on level 4 of the Dungeon)

   It affects your strength (+7).
Jewellery
 h - a +4 ring of protection (left branch)
 r - an uncursed ring of flight
 s - a ring of protection from fire (right branch)
Wands
 a - a wand of random effects (17)
 l - a wand of polymorph (23)
 K - a wand of acid (7)
Scrolls
 n - a scroll of fog
 o - a scroll of enchant weapon
 v - 2 scrolls of teleportation {unknown}
 x - 2 scrolls of fear {unknown}
 F - a scroll of magic mapping {unknown}
 G - 2 scrolls of noise {unknown}
Potions
 d - a potion of might
 m - a potion of brilliance
 q - 4 potions of lignification
 w - 2 potions of ambrosia
 A - 4 potions of curing
 B - a potion of haste
 D - a potion of heal wounds {unknown}
 E - a potion of berserk rage {unknown}
 H - a potion of invisibility {unknown}
 I - 2 potions of degeneration {unknown}
 J - a potion of flight {unknown}
 M - a potion of mutation {unknown}


   Skills:
 + Level 6.9 Fighting
 + Level 5.7 Axes
 + Level 6.7 Armour
 + Level 7.4 Shields


You had 8 spell levels left.
You didn't know any spells.
Your spell library contained the following spells:

 Spells                   Type           Power        Failure   Level
 Magic Dart               Conj           #...         52%         1
 Call Imp                 Summ           #.......     67%         2
 Slow                     Hex            #.......     67%         2
 Conjure Flame            Conj/Fire      #.......     88%         3
 Mephitic Cloud           Conj/Pois/Air  #.......     88%         3
 Blink                    Tloc           Unusable     N/A         2

Dungeon Overview and Level Annotations

Branches:
Dungeon (6/15)             Temple (1/1) D:4

Altars:
Ashenzari
Cheibriados
Dithmenos
Fedhas
Gozag
Hepliaklqana
Kikubaaqudgha
Makhleb
Okawaru
Qazlal
Trog
Vehumet
Xom
Yredelemnul
Zin
The Shining One

Shops:
D:5 (

Annotations:
D:6 Blork the orc


Innate Abilities, Weirdness & Mutations

You cannot be hasted, slowed, berserked, paralysed or teleported.
You can dig through walls and to a lower floor.
Your four strong arms can wield two-handed weapons with a shield.
((You have a pair of large antennae on your head. (SInv)))


Message History

You barely miss the raiju. You block the raiju's attack.
A raiju comes into view.
The raiju bursts into living lightning!
The living lightning hits you but does no damage.
The living lightning hits you.
* * * LOW HITPOINT WARNING * * *
The raiju blinks! x2; The raiju bites you but does no damage.
The small abomination hits you!
* * * LOW HITPOINT WARNING * * *
You barely miss the raiju.
The raiju is lightly wounded.
You barely miss the raiju.
The raiju barks!
You hit the raiju but do no damage. You hit the small abomination.
The raiju bites you but does no damage. You block the raiju's attack.
The small abomination hits you.
* * * LOW HITPOINT WARNING * * *
The raiju completely misses you.
Unknown command.
Are you sure you want to abandon this character and quit the game? (Confirm with "yes".)

#{..##.####§# #
.# {.. #.#.§§§#
#
...###.##..#§#§#
...#...#.##§ . .
#..#.h.#.##.#. .
#.#.#...# #.
#.... .#... #
#...#xh#.#.#...
. ###
#h♣.#.#.....
#...#.h.#..#.#.
##..##..... #...
.##.#.# #.... #.
#... #.## ## #.#
## #. .


You could see 4 raiju and a small abomination.

Vanquished Creatures
  Pikel (D:5)
  Edmund (D:5)
  3 eyes of draining (D:5)
  A phantom (D:5)
  A centaur (D:5)
  3 lemures (D:5)
  A scorpion (D:5)
  A water moccasin skeleton (D:4)
  2 howler monkeys
  An iron imp (Abyss:1)
  2 orc priests (D:3)
  2 hounds
  An orc wizard (D:4)
  A centaur skeleton (D:4)
  A worker ant (D:5)
  A worker ant zombie (D:5)
  8 adders
  A shadow imp (D:5)
  2 white imps (D:5)
  An ooze (D:3)
  A dart slug (D:1)
  A leopard gecko (D:1)
  18 orcs
  3 bats
  2 giant cockroaches (D:2)
  8 goblins
  5 hobgoblins
  4 frilled lizards
  A jackal skeleton (D:4)
  11 kobolds
  8 rats
  A spectral orc (D:3)
98 creatures vanquished.

Notes
Turn   | Place    | Note
-------+----------+-------------------------------------------
     0 | D:1      | DogServant the Formicid Fighter began the quest for the
                  | Orb.
     0 | D:1      | Reached XP level 1. HP: 18/18 MP: 1/1
   185 | D:1      | Reached XP level 2. HP: 23/24 MP: 2/2
   565 | D:1      | Reached XP level 3. HP: 30/30 MP: 3/3
   947 | D:2      | Reached skill level 4 in Shields
  1077 | D:2      | Noticed an earth elemental
  1079 | D:2      | Found a stormy altar of Qazlal.
  1080 | D:2      | Noticed a water elemental
  1080 | D:2      | Noticed a fire elemental
  1080 | D:2      | Noticed an air elemental
  1740 | D:3      | Reached XP level 4. HP: 29/37 MP: 4/4
  1975 | D:3      | Reached XP level 5. HP: 10/42 MP: 5/5
  2219 | D:3      | Found an ancient bone altar of Kikubaaqudgha.
  2265 | D:3      | Found an opulent altar of Gozag.
  2506 | D:3      | Reached XP level 6. HP: 22/49 MP: 6/6
  2913 | D:3      | Found a basalt altar of Yredelemnul.
  2982 | D:4      | Reached skill level 5 in Shields
  3003 | D:4      | Got a transparent ring mail
  3014 | D:4      | Identified the +5 ring mail of the Orb {Str+7} (You found
                  | it on level 4 of the Dungeon)
  3096 | D:4      | Found a staircase to the Ecumenical Temple.
  3110 | Temple   | Entered the Ecumenical Temple
  3382 | D:4      | Reached skill level 5 in Fighting
  3382 | D:4      | Reached XP level 7. HP: 20/56 MP: 7/7
  3827 | Temple   | Became a worshipper of Warmaster Okawaru
  4011 | D:5      | Entered Level 5 of the Dungeon
  4025 | D:5      | Noticed Edmund
  4039 | D:5      | Killed Edmund
  4039 | D:5      | Reached skill level 5 in Armour
  4153 | D:5      | Found a glowing golden altar of the Shining One.
  4287 | D:5      | Found a blossoming altar of Fedhas.
  4404 | D:5      | Noticed Pikel
  4449 | D:5      | Killed Pikel
  4449 | D:5      | Reached * piety under Okawaru
  4449 | D:5      | Reached skill level 5 in Axes
  4449 | D:5      | Reached skill level 6 in Shields
  4449 | D:5      | Reached XP level 8. HP: 45/64 MP: 8/8
  4602 | D:5      | Reached ** piety under Okawaru
  4602 | D:5      | Reached skill level 7 in Shields
  4606 | D:5      | Reached XP level 9. HP: 69/71 MP: 0/9
  4607 | D:5      | Found a bloodstained altar of Trog.
  4835 | D:5      | Found Alilihaamp's Weapon Shoppe.
  5048 | D:6      | Noticed Blork the orc
  5061 | D:6      | Cast into level 1 of the Abyss (Blork the orc)
  5173 | Abyss:1  | Noticed a raiju
  5174 | Abyss:1  | Noticed a raiju
  5179 | Abyss:1  | Noticed a raiju
  5184 | Abyss:1  | Noticed a raiju
  5186 | Abyss:1  | Quit the game

Illustrated notes

Levels and vault maps discovered:
D:1:      dpeg_arrival_houses_and_road, layout_loops_ring
D:2:      layout_basic, nicolae_qazlal_style_of_elements
D:3:      layout_loops_ring, nicolae_gozag_cash_rules_everything_around_me,
          yredelemnul_forgotten_temple_becter, kiku_gazebo_pond_becter,
          minmay_diced_spiral
D:4:      layout_rooms, minmay_temple_entry_trees
D:5:      layout_basic, tso_metal_star, trog_eyes_of_draining, serial_shops,
          shop, fedhas_altar_3, uniq_edmund, uniq_pikel
D:6:      layout_loops_cross, uniq_blork_the_orc
Temple:   jpeg_temple_alley_garden
Abyss:1:  base:
D:3

Skill      XL: |  1  2  3  4  5  6  7  8 |
---------------+-------------------------+-----
Shields        | 4 5 6 7 |  7.4
Fighting       | 4 5 6 |  6.9
Axes           | 3 5 |  5.7
Armour         | 4 6 |  6.7

Action                   |  1- 3 |  4- 6 |  7- 9 || total
-------------------------+-------+-------+-------++-------
Melee: War axe           |   114 |   130 |   126 ||   370
       Hand axe          |       |       |    49 ||    49
  Use: Potion            |       |       |     2 ||     2
       Scroll            |       |       |    11 ||    11
Armor: Scale mail        |    47 |    62 |       ||   109
       Ring mail         |       |    17 |    63 ||    80
       Skin              |       |       |     3 ||     3
Dodge: Dodged            |    39 |    59 |    49 ||   147
Block: Kite shield       |    56 |    88 |    91 ||   235

Table legend: (Time is in decaauts)
 A = Elapsed time spent in this place.
 B = Non-inter-level travel time spent in this place.
 C = Inter-level travel time spent in this place.
 D = Time resting spent in this place.
 E = Time spent auto-exploring this place.
 F = Levels seen in this place.
 G = Mean time per level.
                   A        B        C        D        E       F      G
               +--------+--------+--------+--------+--------+-----+--------+
         Total |   5331 |   5057 |    274 |    192 |   3773 |   8 |  666.4 |
       Dungeon |   4879 |   4712 |    167 |    192 |   3563 |   6 |  813.2 |
        Temple |    326 |    220 |    106 |      0 |    166 |   1 |  326.0 |
         Abyss |    125 |    125 |      0 |      0 |     44 |   1 |  125.0 |
               +--------+--------+--------+--------+--------+-----+--------+

Top non-repeatable levels by time:
     D:3: 1269 daAuts
     D:5: 1023 daAuts
     D:2: 926 daAuts
     D:1: 851 daAuts
     D:4: 744 daAuts
  Temple: 326 daAuts
 Abyss:1: 125 daAuts
     D:6: 64 daAuts
